AoeStats
← kimboy9420

Arena

509868133Analyzed
2v2 RM · 3d ago on Sep 28, 2026· 64m 23s· 4 players
Game mode
Random Map
Map size
Medium (4 player)
Population
200
Speed
Normal
Resources
Standard
Victory
Conquest
Starting age
Dark Age
Ending age
Imperial Age
RankedLock teamsTeams togetherTeam positionsShared explorationLock speedFull tech treeHidden civsTurbo modeCheats
Victory
Defeat
🇹🇼 Mongols · Taiwan
997
+12
🇹🇼 Teutons · Taiwan
900
+39
🇨🇿 Franks · Czechia
911
-14
🇦🇷 Armenians · Argentina
888
-13
Jojo
10:06 Feudal Age
13:15 Wheelbarrow
16:27 Castle Age
14:24 Double-Bit Axe
14:28 Loom
18:48 Horse Collar
19:36 Stone Mining
20:21 Heavy Plow
21:45 Fletching
22:52 Bow Saw
24:34 Gold Mining
25:21 Town Watch
26:37 Bodkin Arrow
27:30 Hand Cart
31:39 Imperial Age
29:31 Padded Archer Armor
29:55 Ballistics
31:03 Leather Archer Armor
30:51 Town Patrol
31:15 Sanctity
33:28 Bracer
34:43 Chemistry
33:38 Elite Composite Bowman
36:40 Ring Archer Armor
36:16 Scale Mail Armor
36:55 Conscription
41:38 Masonry
48:22 Fereters
48:14 Pikeman
49:09 Forging
50:00 Man-at-Arms
51:17 Iron Casting
51:51 Chain Mail Armor
53:59 Blast Furnace
53:16 Long Swordsman
54:28 Plate Mail Armor
54:16 Squires
58:07 Murder Holes
Lordislav
12:15 Feudal Age
14:01 Gold Mining
16:37 Castle Age
14:30 Double-Bit Axe
19:10 Caravan
19:53 Fletching
20:22 Loom
21:50 Bodkin Arrow
38:29 Imperial Age
36:43 Wheelbarrow
36:57 Forging
41:17 Chemistry
40:35 Siege Engineers
41:20 Iron Casting
40:51 Scale Barding Armor
40:34 Cavalier
41:34 Husbandry
41:58 Squires
41:19 Pikeman
54:20 Chain Barding Armor
56:01 Treadmill Crane
57:27 Plate Barding Armor
57:02 Halberdier
60:22 Paladin
64:16 Blast Furnace
63:17 Scale Mail Armor
kimboy9420
12:01 Feudal Age
12:22 Horse Collar
12:33 Double-Bit Axe
19:20 Castle Age
19:24 Gold Mining
20:07 Stone Mining
21:01 Wheelbarrow
22:54 Heavy Plow
25:58 Loom
30:08 Masonry
30:20 Ballistics
32:17 Pikeman
46:36 Imperial Age
48:54 Bloodlines
49:00 Cavalier
53:45 Halberdier
55:22 Squires
BlueWolf
8:20 Loom
11:29 Feudal Age
13:29 Double-Bit Axe
13:42 Horse Collar
16:48 Castle Age
15:12 Fletching
17:34 Bodkin Arrow
20:30 Stone Mining
22:19 Bow Saw
23:05 Heavy Plow
34:18 Imperial Age
32:22 Light Cavalry
33:13 Bloodlines
33:03 Husbandry
34:18 Murder Holes
34:44 Ballistics
35:05 Wheelbarrow
34:16 Town Watch
35:44 Bracer
35:54 Forging
35:50 Scale Barding Armor
36:48 Chemistry
36:34 Hand Cart
41:40 Iron Casting
41:26 Chain Barding Armor
41:06 Padded Archer Armor
41:16 Thumb Ring
41:36 Parthian Tactics
40:33 Hussar
45:58 Blast Furnace
45:13 Leather Archer Armor
45:34 Heavy Scorpion
46:24 Town Patrol
47:33 Drill
46:44 Sappers
47:34 Conscription
48:20 Gold Mining
52:46 Elite Mangudai
62:10 Caravan
Connection lost

Rejoining the realm…

Still unreachable

The connection could not be restored.

Session expired

The server has moved on; the page needs a fresh start.